Map: [ESL] Altitude

Players

BattleB - Winner!

  • Race: Terran Terran
  • Spawn Location: 7:00

Gerald

  • Race: Protoss Protoss
  • Spawn Location: 1:00

Event: ESL SC2 Masters 2023 Summer (Regionals)

VOD

Have the link to the VOD?

Description

Time

  • Played on: May 3, 2023, 10:53 a.m.
  • Length: 16:35

All games in this series

Show
View Real Time Build Order
Export as new Build Order

BattleB Terran - Winner!

Build Orders: Reaper Expand 

Get SALT Encoding   

  12  0:00  SCV  
  13  0:12  SCV  
  14  0:17  Supply Depot  
  14  0:24  SCV  
  15  0:39  SCV  
  15  0:40  Barracks  
  16  0:45  Refinery  
  16  0:51  SCV  
  17  1:03  SCV  
  18  1:14  Engineering Bay  
  18  1:15  SCV  
  19  1:27  Orbital Command, Reaper  
  20  1:55  SCV  
  20  2:01  Command Center  
  21  2:07  SCV  
  21  2:08  Barracks Reactor  
  22  2:13  Supply Depot  
  22  2:19  SCV  
  22  2:21  Factory  
  23  2:26  Refinery  
  23  2:35  SCV  
  24  2:44  Marine x2  
  25  2:47  SCV  
  27  2:59  SCV  
  27  3:01  Marine  
  27  3:02  Marine  
  29  3:06  Starport, Factory Tech Lab  
  29  3:11  SCV  
  30  3:13  Orbital Command  
  30  3:19  Marine x2  
  31  3:23  SCV  
  31  3:25  Cyclone  
  36  3:30  Orbital Command  
  36  3:32  Barracks  
  36  3:37  Marine x2  
  36  3:38  SCV  
  39  3:47  Starport Tech Lab  
  39  3:50  SCV  
  39  3:55  Marine x2, SCV  
  42  3:57  Supply Depot  
  42  4:02  SCV  
  44  4:03  Supply Depot  
  44  4:07  SCV  
  45  4:19  Raven  
  45  4:21  SCV  
  45  4:23  Barracks, SCV  
  49  4:24  Marine  
  49  4:25  Marine  
  49  4:27  Supply Depot  
  49  4:30  Stimpack  
  51  4:31  Marine  
  51  4:34  SCV  
  51  4:35  SCV  
  54  4:41  Bunker  
  54  4:45  Marine  
  54  4:46  Marine, SCV  
  54  4:47  SCV  
  54  4:50  Marauder  
  60  4:55  Engineering Bay, Supply Depot  
  60  4:58  SCV  
  60  4:59  SCV  
  62  5:05  Marine x2  
  64  5:10  SCV, Refinery  
  64  5:11  SCV, Marauder  
  64  5:13  Starport Reactor, Factory Reactor  
  68  5:21  Terran Infantry Weapons Level 1, Supply Depot  
  67  5:22  SCV  
  67  5:23  SCV, Combat Shield  
  67  5:26  Marauder  
  67  5:28  Marine  
  71  5:29  Marine  
  71  5:35  Refinery  
  73  5:36  SCV x2  
  73  5:40  Marauder, Supply Depot  
  77  5:48  Marauder, Marine x2  
  81  5:59  SCV x2  
  81  6:01  Medivac  
  81  6:02  Medivac  
  85  6:04  Missile Turret  
  85  6:09  Marine, Missile Turret  
  86  6:12  Marine  
  86  6:13  Supply Depot  
  86  6:15  Concussive Shells  
  86  6:17  Supply Depot  
  87  6:24  Marauder x2  
  87  6:28  Widow Mine x2  
  87  6:29  Marine  
  91  6:36  Marine  
  91  6:38  Medivac x2  
  96  6:43  SCV x2  
  102  6:47  Marauder x2  
  102  6:51  Marine  
  103  6:56  Widow Mine x2, Marine  
  103  7:00  SCV x2  
  110  7:05  Supply Depot  
  110  7:10  Marine x3  
  113  7:19  Marine  
  113  7:29  Marine x2  
  110  7:34  Marauder  
  112  7:37  SCV x2, Command Center  
  112  7:40  Terran Infantry Armor Level 1  
  114  7:44  Supply Depot  
  114  7:48  Supply Depot  
  114  7:55  Viking x2  
  120  8:09  Barracks  
  120  8:12  Barracks  
  118  8:19  Marauder x2  
  122  8:20  Marine x2  
  122  8:25  Viking  
  125  8:30  Widow Mine x2  
  125  8:38  Marine  
  114  8:44  Marine  
  114  8:45  Marine  
  97  8:50  Marine  
  97  8:51  SCV x2  
  91  8:56  Marine  
  91  8:57  Viking  
  91  8:59  Barracks Reactor  
  91  9:00  Viking, Barracks Tech Lab  
  91  9:01  Widow Mine x2  
  87  9:03  Orbital Command, Marauder  
  87  9:06  SCV  
  88  9:11  SCV  
  88  9:12  Marine  
  88  9:15  Marine  
  91  9:19  Missile Turret  
  91  9:20  Marauder  
  91  9:21  SCV  
  94  9:24  SCV  
  94  9:26  Marauder  
  94  9:28  Marauder  
  98  9:32  Viking  
  98  9:36  Viking  
  102  9:41  Marine x4  
  108  9:45  Marauder  
  104  9:53  Marine  
  104  9:54  Marauder  
  104  9:58  Marine  
  104  9:59  Widow Mine x2  
  106  10:02  Marine  
  106  10:06  Marine x2  
  106  10:07  Marauder  
  109  10:11  Medivac x2  
  109  10:12  Ghost Academy  
  113  10:18  Marine  
  113  10:20  Marauder x2  
  118  10:21  Marine  
  119  10:29  Widow Mine  
  119  10:30  Widow Mine  
  119  10:31  Bunker  
  119  10:34  Marine x2  
  125  10:36  Marine  
  125  10:37  Command Center  
  125  10:39  Marine  
  125  10:40  Ghost  
  129  10:43  Ghost  
  129  10:45  Ghost  
  129  10:48  Medivac  
  129  10:49  Medivac  
  137  10:54  Marine x2  
  139  10:58  Armory, Marine x2  
  139  11:03  Engineering Bay  
  141  11:07  Supply Depot  
  141  11:09  Supply Depot  
  141  11:12  SCV x3  
  141  11:18  Ghost x2  
  147  11:32  Marine x3  
  146  11:34  Marine  
  148  11:42  Viking x2  
  148  11:44  Marine  
  154  11:47  Marauder  
  154  11:48  Marine  
  154  11:52  Marine x3, Refinery  
  154  11:53  Refinery  
  156  11:58  Planetary Fortress  
  154  12:02  SCV x3, Marauder  
  154  12:04  Terran Infantry Weapons Level 2  
  154  12:06  Terran Infantry Armor Level 2  
  154  12:07  Marine  
  160  12:14  SCV, Medivac x2  
  164  12:19  SCV x2  
  164  12:20  Terran Ship Weapons Level 1  
  166  12:23  Marauder  
  166  12:24  Marauder  
  166  12:26  SCV, Supply Depot  
  166  12:28  Marine  
  166  12:29  Marine  
  173  12:32  Marine  
  174  12:37  Missile Turret, Supply Depot  
  174  12:39  SCV x3  
  174  12:43  Marine  
  178  12:50  SCV, Marine  
  178  12:51  Marine x2, SCV, Marauder x2  
  193  13:05  Marauder  
  193  13:06  Widow Mine x2, Marine  
  193  13:07  Medivac x2  
  193  13:08  Marine  
  193  13:10  Marine  
  200  13:21  Marine  
  200  13:28  Ghost  
  200  13:49  Command Center  
  200  13:50  Barracks  
  200  13:53  Barracks  
  200  13:54  Barracks  
  200  14:09  Marine, Marauder  
  199  14:13  Marine  
  199  14:14  Marauder  
  193  14:17  Medivac x2  
  193  14:19  Widow Mine x2  
  193  14:20  Marine  
  193  14:21  Marauder, Marine  
  190  14:28  Marine  
  190  14:31  Marauder  
  189  14:35  Marauder  
  189  14:38  Barracks Tech Lab  
  177  14:40  Widow Mine x2  
  177  14:41  Marine, Ghost  
  177  14:44  Marine, Refinery  
  177  14:45  Marine  
  184  14:46  Refinery  
  184  14:47  Medivac x2  
  184  14:50  Marine  
  184  14:52  Marauder  
  191  14:56  Marauder  
  188  15:01  Widow Mine  
  188  15:05  Command Center, Ghost  
  188  15:06  Marine x2  
  194  15:08  Marine x2  
  194  15:09  Marine  
  194  15:10  Ghost  
  194  15:11  Widow Mine  
  193  15:37  Marine, Marauder  
  192  15:44  Ghost  
  192  15:45  Ghost  
  192  15:47  Marine  
  185  15:57  Marine, Marauder  
  185  16:00  Marine  
  185  16:01  Marine x3, Marauder  
  191  16:05  Marine  
  191  16:06  Widow Mine x2  
  190  16:14  Marauder x2  
  190  16:15  Marine  
Show
View Real Time Build Order
Export as new Build Order

Gerald Protoss 

Build Orders: Phoenix Opening, Colossus Rush 

Get SALT Encoding   

  12  0:00  Probe  
  13  0:12  Probe  
  14  0:17  Pylon  
  14  0:24  Probe (Chrono Boost)  
  16  0:37  Probe (Chrono Boost), Gateway  
  16  0:42  Probe (Chrono Boost)  
  16  0:46  Assimilator  
  17  0:51  Probe  
  18  1:03  Probe  
  19  1:15  Probe  
  20  1:24  Cybernetics Core  
  20  1:32  Zealot (Chrono Boost)  
  20  1:33  Probe  
  20  1:39  Pylon  
  23  1:41  Assimilator  
  23  1:57  Probe  
  24  2:02  Adept (Chrono Boost)  
  26  2:09  Probe  
  27  2:17  Nexus  
  27  2:22  Probe  
  28  2:29  Adept  
  30  2:36  Pylon  
  30  2:40  Warp Gate  
  30  2:54  Probe, Stargate  
  30  3:06  Probe  
  31  3:13  Robotics Facility  
  31  3:18  Probe  
  32  3:20  Shield Battery  
  32  3:30  Probe  
  32  3:33  Assimilator  
  33  3:37  Phoenix (Chrono Boost)  
  33  3:40  Probe  
  34  3:42  Probe  
  35  3:52  Probe  
  35  3:54  Probe  
  37  3:57  Phoenix  
  37  4:01  Observer (Chrono Boost)  
  40  4:04  Probe  
  40  4:06  Probe  
  42  4:16  Probe  
  41  4:19  Immortal (Chrono Boost)  
  41  4:20  Probe  
  46  4:26  Robotics Bay  
  46  4:29  Probe  
  47  4:32  Probe  
  47  4:35  Phoenix  
  50  4:40  Pylon  
  50  4:41  Probe  
  50  4:45  Probe  
  52  4:51  Assimilator  
  52  4:57  Probe  
  52  4:58  Probe  
  54  5:00  Phoenix (Chrono Boost)  
  56  5:09  Probe  
  57  5:15  Probe, Pylon  
  58  5:22  Phoenix  
  58  5:28  Nexus  
  60  5:30  Pylon  
  60  5:34  Probe  
  61  5:36  Colossus (Chrono Boost)  
  61  5:42  Sentry  
  69  5:45  Probe  
  70  5:50  Gateway  
  70  5:55  Probe  
  71  6:02  Gateway  
  71  6:04  Gateway  
  71  6:06  Phoenix  
  73  6:21  Probe  
  73  6:22  Pylon  
  74  6:27  Colossus (Chrono Boost)  
  78  6:32  Probe  
  78  6:34  Shield Battery  
  78  6:36  Pylon  
  78  6:37  Pylon  
  78  6:39  Probe  
  79  6:45  Probe  
  79  6:46  Sentry, Stalker, Shield Battery  
  84  6:50  Extended Thermal Lance (Chrono Boost)  
  84  6:57  Phoenix  
  86  7:04  Probe x2, Disruptor (Chrono Boost)  
  91  7:14  Nexus  
  91  7:20  Twilight Council  
  91  7:27  Phoenix  
  93  7:32  Pylon  
  93  7:33  Zealot x3  
  99  7:43  Probe  
  100  7:47  Probe  
  101  7:52  Phoenix, Forge, Shield Battery  
  101  7:55  Probe  
  104  7:59  Pylon  
  110  8:11  Pylon x2  
  110  8:26  Probe x2  
  112  8:31  Colossus (Chrono Boost)  
  108  8:34  Pylon  
  89  8:41  Probe  
  89  8:43  Zealot x2  
  89  8:44  Zealot x2  
  89  8:47  Charge (Chrono Boost)  
  89  8:53  Probe  
  84  9:06  Probe  
  84  9:07  Colossus (Chrono Boost)  
  85  9:13  Templar Archives  
  85  9:15  Phoenix  
  85  9:16  Warp Prism (Chrono Boost)  
  89  9:33  Stalker x3  
  89  9:34  Stalker  
  89  9:36  Probe  
  98  9:40  Phoenix  
  100  9:47  Psionic Storm  
  85  10:07  Probe  
  85  10:08  High Templar  
  85  10:09  Nexus  
  85  10:11  Gateway  
  85  10:13  Gateway  
  87  10:19  Probe x2  
  89  10:22  Assimilator  
  89  10:24  Phoenix  
  89  10:25  Assimilator  
  91  10:31  Probe  
  91  10:33  Zealot x2  
  96  10:36  Zealot  
  96  10:42  Probe (Chrono Boost)  
  99  10:43  Probe (Chrono Boost)  
  100  10:52  Probe (Chrono Boost)  
  100  10:54  Probe (Chrono Boost)  
  102  10:59  Zealot x4  
  110  11:11  Probe, Immortal  
  111  11:13  Robotics Bay  
  115  11:19  Probe  
  115  11:24  Zealot x3  
  123  11:25  Probe  
  107  11:34  Zealot  
  107  11:35  Zealot  
  110  11:40  Zealot  
  110  11:50  Probe x3  
  109  11:54  Robotics Facility  
  109  11:55  Zealot x2  
  109  11:56  Pylon  
  109  11:57  Disruptor (Chrono Boost)  
  116  12:07  High Templar x3, Stalker  
  124  12:14  Probe  
  125  12:16  Forge  
  127  12:26  Disruptor  
  128  12:32  Nexus, Probe  
  129  12:42  Disruptor  
  132  12:46  Probe  
  132  12:47  Probe  
  132  12:50  Blink (Chrono Boost)  
  130  12:57  Probe  
  131  12:59  Protoss Ground Weapons Level 1  
  131  13:01  Disruptor  
  133  13:05  Probe  
  133  13:10  Stalker  
  133  13:11  Nexus, Stalker  
  137  13:13  Pylon  
  134  13:22  Disruptor  
  130  13:38  Disruptor  
  130  13:40  Stalker  
  133  13:44  Pylon x2  
  132  13:57  Pylon  
  131  14:08  Zealot x4  
  131  14:09  Zealot x2  
  136  14:10  Nexus  
  130  14:23  Disruptor  
  126  14:30  Zealot x6  
  128  14:41  Disruptor  
  129  14:45  Pylon  
  129  14:46  Probe  
  128  15:00  Stalker x2  
  128  15:01  Stalker  
  128  15:03  Pylon  
  88  15:49  Nexus  
  84  15:50  Pylon  
Tags
 
Add a new tag
Caveats
  • Supply blocks, unpowered buildings, or Contaminate may cause inaccurate times.
  • Supply counts are checked every 10 seconds.